 Seeded DCSS version 0.29-a0-775-g4d7333d4e2 (webtiles) character file.

Game seed: 5608337019566272163 (custom seed)

120 happo123 the Shooter (level 4, -2/40 HPs)
             Began as a Minotaur Hunter on July 2, 2022.
             Was an Initiate of Okawaru.
             Succumbed to a scorpion's poison
             ... on level 3 of the Dungeon.
             The game lasted 00:11:25 (1755 turns).

happo123 the Shooter (Minotaur Hunter)              Turns: 1755, Time: 00:11:26

Health: -2/40      AC:  6    Str: 15    XL:     4   Next: 75%
Magic:  3/3        EV: 10    Int:  6    God:    Okawaru [......]
Gold:   149        SH:  0    Dex: 16    Spells: 3/3 levels left

rFire   . . .      SeeInvis .   o - +0 flail
rCold   . . .      Faith    .   (no shield)
rNeg    . . .      Spirit   .   p - +0 scale mail
rPois   .          Reflect  .   (helmet restricted)
rElec   .          Harm     .   (no cloak)
rCorr   .          Rampage  .   (no gloves)
Will    +....                   (no boots)
Stlth   +.........              d - amulet of regeneration
HPRegen 0.93/turn               r - ring of willpower
MPRegen 0.08/turn               (no ring)

@: lethally poisoned (-2 -> -16), flying
A: horns 2, retaliatory headbutt
a: Renounce Religion


You were on level 3 of the Dungeon.
You worshipped Okawaru.
Okawaru was noncommittal.
You visited 1 branch of the dungeon, and saw 3 of its levels.

You collected 149 gold pieces.

Inventory:

Hand Weapons
 a - a +0 shortbow
 k - a +0 mace
 o - a +0 flail (weapon)
Missiles
 t - 2 throwing nets
Armour
 c - a +0 leather armour
 p - a +0 scale mail (worn)
Jewellery
 d - an amulet of regeneration (around neck)
 r - a ring of willpower (left hand)
Scrolls
 b - a scroll of immolation
 e - 2 scrolls of brand weapon {unknown}
 g - 3 scrolls of fear
 i - a scroll of fog
 j - a scroll of acquirement
 m - 2 scrolls of enchant armour
 n - 2 scrolls of noise {unknown}
 s - a scroll of identify
Potions
 f - 3 potions of invisibility
 h - 2 potions of ambrosia
 l - a potion of heal wounds {unknown}
 q - a potion of flight


   Skills:
 * Level 3.9 Fighting
 + Level 5.0 Ranged Weapons
 + Level 1.3 Armour
 + Level 2.9 Dodging
 + Level 1.6 Stealth
 * Level 1.0 Invocations


You had 3 spell levels left.
You didn't know any spells.
Your spell library contained the following spells:

 Spells                   Type           Power      Damage    Failure   Level
 Ensorcelled Hibernation  Hex/Ice        0%         N/A       96%         2
 Passwall                 Tmut/Erth      0%         N/A       96%         2
 Swiftness                Air            0%         N/A       99%         3


Dungeon Overview and Level Annotations

Branches:
Dungeon (3/15)

Altars:
Okawaru
Uskayaw


Innate Abilities, Weirdness & Mutations

You have a pair of horns on your head.
You reflexively headbutt those who attack you in melee.


Message History

You hit Ijyb.
Ijyb is moderately wounded.
You feel very sick. Ijyb misses you. x2
You hit Ijyb.
Ijyb is heavily wounded.
You feel very sick. Ijyb barely misses you. Ijyb attacks as you move away!
Ijyb barely misses you.
A rat comes into view.
You feel sick.
You completely miss Ijyb. Your headbutt misses Ijyb.
Ijyb is heavily wounded.
You feel very sick.
Ijyb hits you with a +0 dagger of venom.
You are more poisoned.
The rat barely misses you.
You closely miss Ijyb.
Ijyb is heavily wounded.
You feel very sick. Ijyb closely misses you. You furiously retaliate!
You headbutt Ijyb!
You kill Ijyb!
Okawaru accepts your kill. The rat barely misses you.
The rat bites you but does no damage. The scorpion closely misses you.
Your Ranged Weapons skill increases to level 5!
Your Invocations skill increases to level 1!
You thump the scorpion! You headbutt the scorpion.
The scorpion is almost dead.
You feel very sick. The scorpion stings you.
* * * LOW HITPOINT WARNING * * *
You are lethally poisoned!
The scorpion poisons you! The rat bites you.
* * * LOW HITPOINT WARNING * * *
Unknown command.
It was a potion of flight.
You feel very buoyant.
You fly up into the air.
You die...

≈≈≈≈≈≈≈.# ..≈≈≈..≈#
.≈...≈.≈# .≈._.≈.≈# ..
(≈...≈$≈# .....##
..≈≈≈..≈# #.....##
≈≈≈≈≈≈≈†# ######.....##
.......s#####.........#..
########@..##............
##...r.................
.....................#..
......#..............#..
##.##.#..###.........##.
# #.#..# #.#.#.#...##. #
#..###.#...##.....
#.#...##.#.........#
#.#.#<##.#...#####)#


You could see a scorpion and a rat.

Vanquished Creatures
  Ijyb (D:3)
  An adder (D:2)
  3 gnolls (D:3)
  A worm (D:2)
  2 dart slugs (D:1)
  An orc (D:3)
  5 ball pythons
  3 endoplasms
  A giant cockroach (D:2)
  7 goblins
  4 hobgoblins
  3 quokkas (D:3)
  5 bats
  4 frilled lizards
  3 kobolds
  5 rats
49 creatures vanquished.

Notes
Turn   | Place    | Note
-------+----------+-------------------------------------------
     0 | D:1      | happo123 the Minotaur Hunter began the quest for the Orb.
     0 | D:1      | Reached XP level 1. HP: 18/18 MP: 0/0
    67 | D:1      | Reached skill level 1 in Stealth
    89 | D:1      | Reached XP level 2. HP: 25/25 MP: 1/1
   897 | D:2      | Reached XP level 3. HP: 30/31 MP: 2/2
   986 | D:2      | Found an iron altar of Okawaru.
   994 | D:2      | Became a worshipper of Warmaster Okawaru
  1540 | D:2      | Identified a scroll of acquirement
  1633 | D:3      | Reached skill level 1 in Armour
  1713 | D:3      | Reached XP level 4. HP: 38/39 MP: 3/3
  1732 | D:3      | Found a hide-covered altar of Uskayaw.
  1736 | D:3      | Noticed Ijyb
  1736 | D:3      | Noticed a scorpion
  1753 | D:3      | Killed Ijyb
  1754 | D:3      | Reached skill level 5 in Ranged Weapons
  1754 | D:3      | Reached skill level 1 in Invocations
  1754 | D:3      | HP: 2/40 [rat (2)]
  1755 | D:3      | Succumbed to a scorpion's poison

Illustrated notes

Levels and vault maps discovered:
D:1:      lightli_arrival_quake, layout_loops_corners
D:2:      layout_loops_ring, basic_altar
D:3:      layout_rooms, mainiacjoe_overflow_paths,
          shapermc_ecumenical_altar_acropolis, uniq_ijyb

Skill      XL: |  1  2  3  4 |
---------------+-------------+-----
Stealth        | 1 |  1.6
Fighting       | 3 |  3.9
Armour         | 1 |  1.3
Ranged Weapons | 5 |  5.0
Invocations    | 1 |  1.0
Dodging        | |  2.9

Action                   |  1- 3 |  4- 6 || total
-------------------------+-------+-------++-------
Melee: Flail             |       |     8 ||     8
       Headbutt          |       |     2 ||     2
 Fire: Shortbow          |   106 |    13 ||   119
  Use: Scroll            |     6 |       ||     6
       Potion            |       |     1 ||     1
Armor: Leather armour    |     3 |       ||     3
       Scale mail        |     2 |     6 ||     8
Dodge: Dodged            |    18 |    19 ||    37

Table legend: (Time is in decaauts)
 A = Elapsed time spent in this place.
 B = Non-inter-level travel time spent in this place.
 C = Inter-level travel time spent in this place.
 D = Time resting spent in this place.
 E = Time spent auto-exploring this place.
 F = Levels seen in this place.
 G = Mean time per level.
                   A        B        C        D        E       F      G
               +--------+--------+--------+--------+--------+-----+--------+
         Total |   1798 |   1677 |    121 |      0 |   1378 |   3 |  599.3 |
       Dungeon |   1798 |   1677 |    121 |      0 |   1378 |   3 |  599.3 |
               +--------+--------+--------+--------+--------+-----+--------+

Top non-repeatable levels by time:
     D:1: 880 daAuts
     D:2: 685 daAuts
     D:3: 232 daAuts
